AoeStats
← crtolino93

Arena

504424856Analyzed
4v4 RM · 28d ago on Sep 5, 2026· 57m 44s· 8 players
Game mode
Random Map
Map size
Large (8 player)
Population
200
Speed
Normal
Resources
Standard
Victory
Conquest
Starting age
Dark Age
Ending age
Imperial Age
RankedLock teamsTeams togetherTeam positionsShared explorationLock speedFull tech treeHidden civsTurbo modeCheats
Victory
Defeat
🇨🇳 Hindustanis · China
1112
+18
🇨🇳 Spanish · China
1109
+18
🇮🇳 Britons · India
1081
+20
🇮🇳 Persians · India
966
+25
🇭🇰 Spanish · Hong Kong SAR China
1217
-35
🇬🇧 Goths · United Kingdom
1169
-21
🇸🇮 Bengalis · Slovenia
1127
-19
🇫🇷 Armenians · France
1118
-19
Doji
11:10 Feudal Age
12:35 Loom
15:30 Castle Age
28:35 Imperial Age
26:05 Fletching
27:16 Padded Archer Armor
27:11 Bodkin Arrow
28:26 Leather Archer Armor
29:20 Bracer
29:48 Conscription
30:26 Ring Archer Armor
31:16 Ballistics
32:52 Wheelbarrow
33:05 Double-Bit Axe
34:02 Bow Saw
36:54 Wheelbarrow
37:20 Two-Man Saw
36:11 Gold Mining
36:12 Stone Mining
36:10 Elite Longbowman
38:19 Gold Shaft Mining
38:03 Hand Cart
38:52 Yeomen
39:14 Forging
39:33 Town Watch
40:10 Warwolf
41:10 Horse Collar
42:41 Iron Casting
42:07 Town Patrol
44:59 Blast Furnace
48:26 Chemistry
47:33 Siege Engineers
50:24 Treadmill Crane
51:55 Hoardings
50:51 Sappers
51:26 Heavy Plow
52:47 Spies/Treason
53:52 Heated Shot
54:13 Fortified Wall
54:00 Murder Holes
54:47 Arrowslits
54:58 Arrowslits
56:41 Guard Tower
57:09 Masonry
LESLIE
10:36 Feudal Age
11:33 Town Watch
14:20 Castle Age
14:18 Loom
14:19 Double-Bit Axe
24:51 Padded Archer Armor
26:49 Wheelbarrow
28:19 Leather Archer Armor
28:46 Bow Saw
29:08 Fletching
30:20 Hand Cart
30:33 Horse Collar
34:17 Imperial Age
34:16 Gold Mining
34:18 Stone Mining
35:11 Ballistics
35:02 Masonry
35:25 Conscription
36:20 Bodkin Arrow
38:15 Hoardings
38:00 Heavy Plow
39:04 Two-Man Saw
39:06 Chemistry
38:04 Murder Holes
38:19 Fortified Wall
38:40 Architecture
39:44 Stone Shaft Mining
39:28 Bracer
39:58 Ring Archer Armor
39:18 Onager
45:17 Scale Barding Armor
45:23 Forging
46:11 Husbandry
46:22 Bloodlines
45:33 Light Cavalry
47:35 Town Patrol
51:33 Chain Barding Armor
51:05 Hussar
51:17 Elite Conquistador
53:19 Plate Barding Armor
53:19 Iron Casting
55:03 Spies/Treason
kwik
11:14 Feudal Age
10:52 Loom
15:25 Castle Age
13:42 Double-Bit Axe
16:15 Bow Saw
15:48 Horse Collar
18:03 Heavy Plow
22:52 Wheelbarrow
24:49 Hand Cart
24:20 Town Watch
25:16 Stone Mining
25:16 Gold Mining
32:10 Imperial Age
29:40 Town Patrol
29:47 Scale Barding Armor
29:53 Forging
30:14 Ballistics
29:50 Murder Holes
30:31 Husbandry
30:41 Bloodlines
30:53 Chain Barding Armor
33:20 Plate Barding Armor
33:20 Iron Casting
33:48 Chemistry
32:59 Masonry
32:12 Elite War Elephant
33:03 Citadels
33:13 Conscription
34:04 Devotion
33:59 Herbal Medicine
35:07 Hoardings
36:54 Blast Furnace
35:45 Fletching
35:56 Padded Archer Armor
35:56 Scale Mail Armor
38:17 Architecture
41:15 Stone Shaft Mining
41:16 Gold Shaft Mining
40:38 Bodkin Arrow
45:41 Kamandaran
46:00 Leather Archer Armor
45:30 Crossbowman
47:21 Thumb Ring
48:58 Two-Man Saw
53:47 Faith
55:20 Spies/Treason
会走位
10:19 Feudal Age
15:58 Castle Age
15:26 Double-Bit Axe
15:22 Horse Collar
17:00 Bow Saw
24:16 Bow Saw
24:13 Loom
25:16 Wheelbarrow
25:11 Fortified Wall
26:58 Fletching
27:51 Gold Mining
30:49 Imperial Age
29:11 Ballistics
29:20 Heavy Plow
30:31 Gold Shaft Mining
30:34 Bodkin Arrow
31:11 Hand Cart
31:16 Thumb Ring
31:27 Grand Trunk Road
32:04 Conscription
32:49 Chemistry
31:45 Elite Skirmisher
33:57 Shatagni
34:11 Bracer
34:12 Padded Archer Armor
34:02 Town Watch
36:27 Leather Archer Armor
36:18 Scale Barding Armor
36:41 Masonry
36:36 Siege Engineers
37:49 Two-Man Saw
36:55 Town Patrol
36:39 Heavy Camel Rider
37:53 Ring Archer Armor
38:24 Bloodlines
38:15 Husbandry
39:07 Chain Barding Armor
38:12 Imperial Camel Rider
40:54 Plate Barding Armor
40:30 Forging
46:32 Coinage
46:03 Caravan
46:41 Iron Casting
46:35 Light Cavalry
47:55 Hussar
52:54 Blast Furnace
54:42 Heavy Cavalry Archer
55:32 Siege Engineers
55:24 Murder Holes
55:37 Scale Mail Armor
56:09 Banking
55:02 Elite Ghulam
56:19 Hoardings
57:07 Spies/Treason
57:19 Spies/Treason
crtolino93
3:55 Loom
10:44 Feudal Age
11:16 Double-Bit Axe
17:16 Castle Age
15:22 Horse Collar
18:36 Fletching
19:04 Padded Archer Armor
20:14 Bodkin Arrow
23:57 Leather Archer Armor
25:24 Gold Mining
30:58 Wheelbarrow
35:59 Ballistics
37:51 Town Watch
38:27 Fortified Wall
49:18 Sanctity
49:36 Fervor
53:31 Imperial Age
sak_chowdhury
11:15 Feudal Age
15:05 Castle Age
14:06 Double-Bit Axe
14:05 Horse Collar
16:30 Bow Saw
21:46 Wheelbarrow
22:21 Gold Mining
25:08 Heavy Plow
28:18 Imperial Age
26:05 Hand Cart
26:07 Fletching
26:31 Padded Archer Armor
26:35 Stone Mining
27:17 Ballistics
28:10 Bodkin Arrow
28:31 Leather Archer Armor
27:40 Elite Skirmisher
28:41 Masonry
28:21 Pikeman
29:06 Scale Mail Armor
29:10 Squires
30:32 Chemistry
29:52 Bracer
33:56 Conscription
34:26 Halberdier
37:26 Chain Mail Armor
37:22 Forging
37:35 Perfusion
38:53 Ring Archer Armor
40:08 Iron Casting
47:40 Loom
47:42 Town Watch
48:34 Architecture
48:00 Murder Holes
48:22 Anarchy
48:36 Elite Huskarl
CNZS_QiangGE
10:48 Feudal Age
10:44 Loom
15:20 Castle Age
13:36 Stone Mining
13:42 Horse Collar
13:54 Double-Bit Axe
18:02 Bow Saw
27:27 Wheelbarrow
31:07 Imperial Age
29:39 Hand Cart
29:12 Town Watch
30:15 Bloodlines
30:05 Husbandry
30:09 Gold Mining
30:56 Stone Shaft Mining
31:01 Heavy Plow
31:39 Scale Barding Armor
31:46 Forging
31:14 Cavalier
33:15 Chain Barding Armor
33:45 Iron Casting
34:16 Paladin
37:04 Conscription
37:21 Plate Barding Armor
37:48 Blast Furnace
38:07 Fletching
42:09 Bodkin Arrow
44:19 Bracer
45:32 Hoardings
44:31 Light Cavalry
46:24 Padded Archer Armor
45:58 Hussar
51:09 Two-Man Saw
Pegasus75
12:24 Feudal Age
13:54 Man-at-Arms
16:46 Castle Age
14:40 Long Swordsman
16:25 Double-Bit Axe
18:32 Two-Handed Swordsman
24:24 Wheelbarrow
24:28 Squires
24:14 Arson
31:37 Imperial Age
29:45 Hand Cart
31:10 Gold Mining
31:31 Bow Saw
31:35 Gambesons
32:04 Forging
31:54 Scale Mail Armor
31:45 Fletching
32:17 Horse Collar
33:54 Conscription
34:02 Champion
39:15 Elite Skirmisher
Connection lost

Rejoining the realm…

Still unreachable

The connection could not be restored.

Session expired

The server has moved on; the page needs a fresh start.